 Dungeon Crawl Stone Soup version 0.28-a0-863-g8cecda6153 (webtiles) character file.

Game seed: 17628581246974244687

5982 kae the Grappler (level 10, -16/84 HPs)
             Began as a Green Draconian Transmuter on Nov 18, 2021.
             Was an Initiate of Ru.
             Demolished by a boulder beetle (50 damage)
             ... on level 9 of the Dungeon.
             The game lasted 00:10:03 (11811 turns).

kae the Grappler (Green Draconian Transmuter)      Turns: 11811, Time: 00:10:04

Health: -16/84     AC:  8    Str: 13      XL:     10   Next: 55%
Magic:  16/21      EV: 14    Int: 15 (16) God:    Ru [......]
Gold:   411        SH:  5    Dex: 12      Spells: 13/21 levels left

rFire   . . .      SeeInvis .     - Unarmed
rCold   . . .      Faith    .   (no shield)
rNeg    . . .      Spirit   .   (armour unavailable)
rPois   +          Reflect  +   (helmet restricted)
rElec   .          Harm     .   (no cloak)
rCorr   .          Rampage  .   (no gloves)
Will    .....                   (no boots)
Stlth   ..........              i - amulet of reflection
HPRegen 0.24/turn               (no ring)
MPRegen 0.17/turn               (no ring)

@: short of breath
A: breathe noxious fumes, AC +7, unfitting armour, poison resistance,
cold-blooded, no stealth, deterioration 1, high mp 1, passive freeze, shaggy fur
1
a: Breathe Noxious Fumes, Renounce Religion


You were on level 9 of the Dungeon.
You worshipped Ru.
Ru was noncommittal.
You visited 2 branches of the dungeon, and saw 10 of its levels.
You also visited: Ossuary.

You collected 607 gold pieces.
You spent 196 gold pieces at shops.

Inventory:

Missiles
 m - a throwing net
Armour
 h - a +1 pair of boots
Jewellery
 f - an amulet of the acrobat
 i - an amulet of reflection (around neck)
Wands
 t - a wand of flame (16)
 u - a wand of polymorph (4)
Scrolls
 n - a scroll of fog
 o - 8 scrolls of identify
 p - a scroll of amnesia
 q - a scroll of silence
 r - a scroll of teleportation
 s - 3 scrolls of blinking
 v - a scroll of holy word
Potions
 a - 2 potions of invisibility
 b - 2 potions of berserk rage
 c - 3 potions of attraction
 d - 10 potions of curing
 e - 2 potions of heal wounds
 g - 3 potions of ambrosia
 j - 3 potions of lignification
 k - a potion of haste
 l - 2 potions of mutation


   Skills:
 + Level 6.7 Fighting
 + Level 5.9 Dodging
 * Level 9.5 Unarmed Combat
 + Level 6.0 Spellcasting
 + Level 6.5 Transmutations
 - Level 4.0 Ice Magic
 - Level 1.9 Poison Magic


You had 13 spell levels left.
You knew the following spells:

 Your Spells              Type           Power      Damage    Failure   Level
a - Beastly Appendage     Tmut           48%        N/A       1%          1
b - Spider Form           Tmut/Pois      17%        N/A       8%          3
c - Ice Form              Ice/Tmut       20%        N/A       17%         4

Your spell library contained the following spells:

 Spells                   Type           Power      Damage    Failure   Level
 Wereblood                Tmut           24%        N/A       1%          2
 Magic Dart               Conj           16%        1d3       14%         1
 Shock                    Conj/Air       16%        1d4       14%         1
 Ignite Poison            Fire/Tmut/Pois 13%        N/A       14%         3
 Blink                    Tloc           8%         N/A       22%         2
 Searing Ray              Conj           8%         2d4       22%         2
 Mephitic Cloud           Conj/Pois/Air  6%         N/A       34%         3
 Gell's Gravitas          Tloc           4%         N/A       41%         3
 Lesser Beckoning         Tloc           4%         N/A       41%         3
 Swiftness                Air            4%         N/A       41%         3
 Teleport Other           Tloc           4%         N/A       41%         3
 Airstrike                Air            2%         N/A       82%         4
 Fulminant Prism          Conj/Hex       2%         3d6       82%         4
 Freezing Cloud           Conj/Ice/Air   4%         6-21      93%         5
 Manifold Assault         Tloc           4%         N/A       99%         5
 Dispersal                Tloc           2%         N/A       100%        6


Dungeon Overview and Level Annotations

Branches:
Dungeon (9/15)             Temple (1/1) D:6            Lair (0/6) D:8
Ossuary (visited)
    Orc: D:9-12

Altars:
Ashenzari
Dithmenos
Elyvilon
Fedhas
Gozag
Hepliaklqana
Kikubaaqudgha
Nemelex Xobeh
Okawaru
Qazlal
Ru
Sif Muna
Trog
Uskayaw
Vehumet
Wu Jian
Yredelemnul
Zin
The Shining One

Shops:
D:4 ?:(*=   D:5 ?


Innate Abilities, Weirdness & Mutations

You can breathe blasts of noxious fumes.
Your lurid green scales are hard. (AC +7)
You cannot fit into any form of body armour.
Your system is resistant to poisons. (rPois)
You are cold-blooded and may be slowed by cold attacks.
You cannot be stealthy.
Your body sometimes deteriorates upon taking damage.
You have an increased reservoir of magic. (+10% MP)
A frigid envelope surrounds you and freezes all who hurt you.
You are covered in fur. (AC +1)


Message History

The howler monkey is almost dead.
The boulder beetle bites you!!
Your body deteriorates!
You feel dopey.
The boulder beetle is very cold.
The boulder beetle is lightly wounded.
The howler monkey hits you but does no damage.
The howler monkey is very cold.
You kill the howler monkey!
Your magical contamination has completely faded away.
You hit the boulder beetle but do no damage.
The boulder beetle is lightly wounded.
Casting: Ice Form (dangerous; 17% risk of failure)
Confirm with . or Enter, or press ? or * to list all spells.
You turn into a creature of crystalline ice.
The boulder beetle leaps!
You hit the boulder beetle but do no damage.
The boulder beetle is lightly wounded.
The boulder beetle bites you!!
The boulder beetle is very cold.
The boulder beetle is lightly wounded.
You are too injured to fight recklessly!
You are too injured to fight recklessly!
You hit the boulder beetle but do no damage.
The boulder beetle is lightly wounded.
The boulder beetle bites you!
The boulder beetle is very cold.
The boulder beetle is lightly wounded.
You hit the boulder beetle but do no damage.
The boulder beetle is lightly wounded.
The boulder beetle leaps!
The boulder beetle curls into a ball and begins rolling!
Okay, then.
You warm up again.
Press: ? - help, Shift-Dir - straight line, f - boulder beetle
Aim: a boulder beetle (lightly wounded, rolling)
You exhale a blast of noxious fumes.
The blast of choking fumes hits the boulder beetle but does no damage.
The boulder beetle is lightly wounded.
The boulder beetle is engulfed in noxious fumes.
The boulder beetle hits you!!!
Ouch! That really hurt!
You die...

#...........#
.........B..#
............#
..######.#'## ..
#.#.# . #.#.#
#..○#
##..##########
#.☼☼○°°B@...#
.......########.#
######.# #.# #.#
#.# #.# #.


You could see a boulder beetle (rolling).

Vanquished Creatures
  2 two-headed ogres (D:7)
  A slime creature (D:5)
  A spriggan (D:7)
  2 yaks (D:9)
  Edmund (D:6)
  3 water moccasins
  A sky beast (D:5)
  3 black bears
  2 orc warriors
  2 ice beasts
  5 ogres
  2 centaurs
  2 kobold brigands (D:5)
  5 bullfrogs
  2 scorpions
  A wyvern zombie (Ossuary)
  5 killer bees (D:9)
  5 wights (D:9)
  2 howler monkeys (D:9)
  5 jellies
  3 centaur zombies (Ossuary)
  2 bullfrog zombies (Ossuary)
  A hound (D:6)
  3 orc priests
  A bullfrog skeleton (D:5)
  A centaur skeleton (D:5)
  2 iguanas (D:5)
  14 mummies (Ossuary)
  4 orc wizards
  3 killer bee zombies
  A hound zombie (D:5)
  4 howler monkey zombies
  6 adders
  4 gnolls (D:5)
  2 howler monkey skeletons
  A river rat (D:5)
  2 shadow imps
  3 white imps
  2 worms (D:2)
  A dart slug (D:4)
  12 orcs
  7 ball pythons
  7 bats
  14 endoplasms
  4 giant cockroaches
  4 goblins
  6 hobgoblins
  8 quokkas
  4 frilled lizards
  A goblin skeleton (D:8)
  A goblin zombie (D:8)
  5 hobgoblin zombies (D:8)
  9 kobolds
  A kobold skeleton (D:8)
  2 kobold zombies (D:8)
  5 rats
202 creatures vanquished.

Vanquished Creatures (collateral kills)
  An orc (D:6)
1 creature vanquished.

Vanquished Creatures (others)
  A human (D:6)
  10 fungi
  2 plants (D:8)
  11 toadstools (D:5)
  9 withered plants (Ossuary)
33 creatures vanquished.

Grand Total: 236 creatures vanquished

Notes
Turn   | Place    | Note
-------+----------+-------------------------------------------
     0 | D:1      | kae the Draconian Transmuter began the quest for the Orb.
     0 | D:1      | Reached XP level 1. HP: 16/16 MP: 3/3
   281 | D:1      | Reached XP level 2. HP: 23/23 MP: 5/5
  1364 | D:2      | Reached XP level 3. HP: 26/28 MP: 4/6
  1368 | D:2      | Learned a level 3 spell: Spider Form
  2130 | D:2      | Gained mutation: Your spells are a little harder to cast,
                  | but a little more powerful. [potion of mutation]
  2140 | D:2      | Lost mutation: Your spells are a little harder to cast, but
                  | a little more powerful. [potion of mutation]
  2140 | D:2      | Gained mutation: Your body sometimes deteriorates upon
                  | taking damage. [potion of mutation]
  2140 | D:2      | Gained mutation: You have an increased reservoir of magic.
                  | (+10% MP) [potion of mutation]
  2140 | D:2      | Gained mutation: A frigid envelope surrounds you and
                  | freezes all who hurt you. [potion of mutation]
  2140 | D:2      | Gained mutation: You are covered in fur. (AC +1) [potion of
                  | mutation]
  2573 | D:2      | Reached XP level 4. HP: 36/36 MP: 6/8
  3038 | D:3      | Noticed a +0 falchion
  3039 | D:3      | Noticed a +0 dagger
  3040 | D:3      | Noticed a +0 short sword
  3040 | D:3      | Noticed a +0 dagger
  3041 | D:3      | Noticed a +0 short sword
  3041 | D:3      | Noticed a +0 falchion
  3041 | D:3      | Noticed a +0 spear
  3042 | D:3      | Noticed a +0 spear
  3043 | D:3      | Found a hide-covered altar of Uskayaw.
  3107 | D:3      | Found a shimmering blue altar of Sif Muna.
  3460 | D:3      | Found a white marble altar of Elyvilon.
  3461 | D:3      | Found a blossoming altar of Fedhas.
  3463 | D:3      | Found an ornate altar of the Wu Jian Council.
  3847 | D:4      | Found Gof Xas's Assorted Antiques.
  3856 | D:4      | Bought a scroll labelled DAICLUKIEN for 20 gold pieces
  3856 | D:4      | Bought a scroll labelled NYS GOARCHION for 20 gold pieces
  3856 | D:4      | Bought a scroll labelled YTRAAC TEIVVUE for 20 gold pieces
  3856 | D:4      | Bought a glowing black potion for 18 gold pieces
  3856 | D:4      | Bought a murky brown potion for 18 gold pieces
  3864 | D:4      | Found Teanguas's Antique Weapon Shoppe.
  3878 | D:4      | Found Iqoja's Jewellery Shoppe.
  4024 | D:4      | Noticed an ogre
  4032 | D:4      | Killed an ogre
  4033 | D:4      | Reached skill level 4 in Unarmed Combat
  4033 | D:4      | Reached skill level 1 in Poison Magic
  4033 | D:4      | Reached XP level 5. HP: 42/42 MP: 5/9
  4067 | D:4      | Found Lon Dokk's Book Boutique.
  4077 | D:4      | Learned a level 4 spell: Ice Form
  4288 | D:4      | Found Cidwoh's Magic Scroll Shoppe.
  4296 | D:4      | Bought 2 scrolls of identify for 40 gold pieces
  4296 | D:4      | Bought a scroll of identify for 20 gold pieces
  4296 | D:4      | Bought a scroll of identify for 20 gold pieces
  4296 | D:4      | Bought a scroll of identify for 20 gold pieces
  4471 | D:5      | Entered Level 5 of the Dungeon
  4496 | D:5      | Noticed a black bear
  4505 | D:5      | Killed a black bear
  4506 | D:5      | Reached skill level 1 in Ice Magic
  4506 | D:5      | Reached XP level 6. HP: 37/50 MP: 8/11
  4718 | D:5      | Identified the +2 chain mail "Janefe" {Rampage rN+ Str-5}
  4718 | D:5      | Noticed a water moccasin
  4740 | D:5      | Killed a water moccasin
  4741 | D:5      | Your scales start taking on a lurid green colour.
  4741 | D:5      | Reached XP level 7. HP: 39/57 MP: 5/12
  4741 | D:5      | Gained mutation: Your system is resistant to poisons.
                  | (rPois) [Green Draconian growth]
  4962 | D:5      | Reached skill level 5 in Unarmed Combat
  5017 | D:5      | Found Xiaschodd's Magic Scroll Boutique.
  5247 | D:5      | Found an iron altar of Okawaru.
  5341 | D:5      | Reached XP level 8. HP: 53/64 MP: 14/14
  5407 | D:5      | Noticed a slime creature
  5414 | D:5      | Killed a slime creature
  5697 | D:5      | Reached skill level 6 in Unarmed Combat
  6297 | D:6      | Noticed Edmund
  6349 | D:6      | Killed Edmund
  6613 | D:6      | Reached XP level 9. HP: 72/72 MP: 12/17
  6772 | D:6      | Found an ancient bone altar of Kikubaaqudgha.
  6843 | D:6      | Found a staircase to the Ecumenical Temple.
  6897 | D:6      | Paralysed by a hornet for 2 turns
  7204 | D:6      | Reached skill level 7 in Unarmed Combat
  7505 | D:6      | Reached skill level 5 in Transmutations
  7812 | D:7      | Reached skill level 5 in Fighting
  8138 | D:7      | Found a sand-covered staircase.
  8192 | Ossuary  | Entered an ossuary
  8733 | Ossuary  | Reached skill level 5 in Spellcasting
  8905 | Ossuary  | Reached skill level 8 in Unarmed Combat
  9067 | D:7      | Reached skill level 5 in Dodging
  9202 | D:7      | Noticed a two-headed ogre
  9202 | D:7      | Noticed a two-headed ogre
  9211 | D:7      | Killed a two-headed ogre
  9249 | D:7      | Reached XP level 10. HP: 21/83 MP: 20/20
  9549 | D:7      | Killed a two-headed ogre
  9644 | D:7      | Found the +7 pair of quick blades "Gyre" and "Gimble"
                  | {protect}
  9842 | Temple   | Entered the Ecumenical Temple
 10067 | Temple   | Became a worshipper of Ru the Awakened
 10219 | D:8      | Reached skill level 9 in Unarmed Combat
 10315 | D:8      | Found a glowing golden altar of the Shining One.
 10566 | D:8      | Found a staircase to the Lair.
 11551 | D:9      | Gained mutation: You cannot be stealthy. [Ru sacrifice]
 11565 | D:9      | Noticed a boulder beetle
 11811 | D:9      | Demolished by a boulder beetle

Illustrated notes

Levels and vault maps discovered:
D:1:      kennysheep_arrival_forest, layout_loops_ring, corner_web_ring,
          amcnicky_mini_pool_small
D:2:      layout_loops_ring
D:3:      layout_basic, gammafunk_temple_overflow_claw,
          nicolae_uskayaw_en_pointe, lemuel_blue_sif_altar, amethyst_killhole
D:4:      layout_cave_pools, serial_shops, nicolae_shop_hallway_stairs,
          nicolae_shop_statue_plus, shop, nicolae_shop_crystal, shop
D:5:      cheibrodos_fertilizer, layout_loops_ring,
          mainiacjoe_overflow_small_starburst, gup_sewer_entry_spiral,
          nicolae_take_the_stairs, bh_walls_and_bars
D:6:      layout_basic, tgw_kikubaaqudgha, minmay_temple_entry_metal_lava,
          uniq_edmund
D:7:      layout_cave_pools, nicolae_ossuary_entry_false_entrances,
          hellmonk_guarded_unrand_gyre_and_gimble
D:8:      layout_loops_corners, nicolae_tso_besieged_by_evil,
          grunt_lair_entry_orc_guard_hut
D:9:      cheibrodos_histonic, layout_basic
Temple:   minmay_temple_curvy_loop

Skill      XL: |  1  2  3  4  5  6  7  8  9 10 |
---------------+-------------------------------+-----
Dodging        | 2 3 4 5 |  5.9
Fighting       | 2 3 4 5 6 |  6.7
Unarmed Combat | 4 5 6 8 9 |  9.5
Poison Magic   | 1 |  1.9
Transmutations | 3 4 5 6 |  6.5
Ice Magic      | 1 2 3 4 |  4.0
Spellcasting   | 3 4 5 6 |  6.0

Action                   |  1- 3 |  4- 6 |  7- 9 | 10-12 || total
-------------------------+-------+-------+-------+-------++-------
Melee: Unarmed           |   146 |    85 |   259 |    97 ||   587
       Tailslap          |    10 |     5 |    14 |     1 ||    30
       Kick              |    19 |     5 |     2 |       ||    26
       Headbutt          |    10 |     5 |     1 |       ||    16
       Punch             |       |       |     2 |       ||     2
 Cast: Beastly Appendage |    26 |    22 |     3 |       ||    51
       Spider Form       |       |     6 |     2 |       ||     8
       Ice Form          |       |     1 |    27 |    11 ||    39
Invok: Sacrifice Stealth |       |       |       |     1 ||     1
 Abil: Breathe Noxious F |       |       |     4 |     2 ||     6
       End Transformatio |       |       |       |     1 ||     1
  Use: Scroll            |     1 |    11 |     8 |     1 ||    21
       Potion            |     3 |     1 |     1 |       ||     5
 Stab: Confused          |       |       |       |     1 ||     1
Armor: Skin              |    55 |    19 |    63 |    17 ||   154
Dodge: Dodged            |    98 |    78 |   133 |    36 ||   345
Block: Other             |       |       |    19 |    12 ||    31

Table legend: (Time is in decaauts)
 A = Elapsed time spent in this place.
 B = Non-inter-level travel time spent in this place.
 C = Inter-level travel time spent in this place.
 D = Time resting spent in this place.
 E = Time spent auto-exploring this place.
 F = Levels seen in this place.
 G = Mean time per level.
                   A        B        C        D        E       F      G
               +--------+--------+--------+--------+--------+-----+--------+
         Total |  11834 |  11456 |    378 |    517 |   9245 |  11 | 1075.8 |
       Dungeon |  10713 |  10404 |    309 |    500 |   8404 |   9 | 1190.3 |
        Temple |    270 |    202 |     68 |      0 |    197 |   1 |  270.0 |
       Ossuary |    850 |    850 |      0 |     17 |    644 |   1 |  850.0 |
               +--------+--------+--------+--------+--------+-----+--------+

Top non-repeatable levels by time:
     D:5: 1750 daAuts
     D:2: 1468 daAuts
     D:6: 1404 daAuts
     D:1: 1319 daAuts
     D:7: 1293 daAuts
     D:3: 987 daAuts
     D:8: 971 daAuts
 Ossuary: 850 daAuts
     D:4: 838 daAuts
     D:9: 680 daAuts
  Temple: 270 daAuts
